cohdb
Replays
Latest Replays
All Replays
Popular Replays
Top Player Replays
Match Explorer
How It Works
Community
CoH3 Stats
Reddit
Sign in to upload your games and track your stats! →
Sign in with Steam
Match 40672438
Unlisted
Match 40672438
Overview
Messages
Build Orders
End
Panzergrenadier Squad
Panzergrenadier Squad
Panzergrenadier Squad
Construct Light Support Kompanie
Fire Support Elements
Selects Italian Infantry
Selects Defensive Operations
2.5-tonne Medical Truck
Pak 38 Mechanized Group
Combat Half-tracks
Forward Retreat Point
Selects Prepared Positions
Selects Guastatori Squad
Guastatori Squad
Construct Panzerarmee Kommand
Armored Reserves
Selects Registered Artillery
Registered Artillery
Tiger Heavy Tank
Selects Obice 305mm Barrage
Obice 305mm Barrage
Guastatori Squad
Registered Artillery
Pak 38 Anti-tank Gun Team
Registered Artillery
Obice 305mm Barrage
Selects Towed Cannone da 105/28 Field Howitzer
Rapid Advance
Tungsten Core Ammunition
MuniekPL
Husar
SIEPACZ
catareck
pijin
Eki2
Gregor
*◇☨+.GRe4N◇*
0
0
Comments
sign in to comment!
No comments posted yet!